 Dungeon Crawl Stone Soup version 0.28.0 (webtiles) character file.

Game seed: 9500640202172557930

51 oldriver the Skirmisher (level 4, -2/37 HPs)
             Began as a Formicid Abyssal Knight on Feb 11, 2022.
             Was a Follower of Lugonu.
             Slain by Terence (8 damage)
             ... on level 2 of the Dungeon.
             The game lasted 00:01:45 (1413 turns).

oldriver the Skirmisher (Formicid Abyssal Knight)   Turns: 1413, Time: 00:01:45

Health: -2/37      AC:  3    Str: 20    XL:     4   Next: 5%
Magic:  5/5        EV: 11    Int:  9    God:    Lugonu [*.....]
Gold:   27         SH:  0    Dex: 11    Spells: 3/3 levels left

rFire   . . .      SeeInvis +   a - +1 hand axe
rCold   . . .      Faith    .   (no shield)
rNeg    . . .      Spirit   .   e - +0 leather armour
rPois   +          Reflect  .   (helmet unavailable)
rElec   .          Harm     .   (no cloak)
rCorr   .          Rampage  .   (no gloves)
Will    .....                   (no boots)
Stlth   +.........              (no amulet)
HPRegen 0.12/turn               g - ring of poison resistance
MPRegen 0.09/turn               (no ring)

@: attractive
A: permanent stasis, dig shafts and tunnels, antennae 3, four strong arms
a: Dig, Shaft Self, Renounce Religion, Depart the Abyss


You were on level 2 of the Dungeon.
You worshipped Lugonu.
Lugonu was aware of your devotion.
You visited 1 branch of the dungeon, and saw 2 of its levels.
You visited the Abyss 1 time.

You collected 27 gold pieces.

Inventory:

Hand Weapons
 a - a +1 hand axe (weapon)
 b - a +0 hunting sling
Missiles
 d - 36 stones (quivered)
Armour
 e - a +0 leather armour (worn)
Jewellery
 g - a ring of poison resistance (left hand)
Scrolls
 f - a scroll of fear {unknown}
 h - a scroll of identify {unknown}


   Skills:
 + Level 4.2 Fighting
 + Level 3.1 Axes
 - Level 2.2 Armour
 - Level 0.9 Dodging
 - Level 2.2 Invocations


You had 3 spell levels left.
You didn't know any spells.
Your spell library contained the following spells:

 Spells                   Type           Power      Damage    Failure   Level
 Beastly Appendage        Tmut           0%         N/A       43%         1
 Wereblood                Tmut           0%         N/A       56%         2
 Spider Form              Tmut/Pois      0%         N/A       80%         3


Dungeon Overview and Level Annotations

Branches:
Dungeon (2/15)

Altars:

Annotations:
D:2 Terence


Innate Abilities, Weirdness & Mutations

You cannot be hasted, slowed, berserked, paralysed or teleported.
You can dig through walls and to a lower floor.
You have a pair of large antennae on your head. (SInv)
Your four strong arms can wield two-handed weapons with a shield.


Message History

You feel stronger.
d - 38 stones (gained 4);
h - a scroll labelled WOWNATI QIHIEN You see here a +0 club.
d - 39 stones (gained 1)
d - 40 stones (gained 1)
You sense a monster nearby.
Terence the Incautious comes into view.
He is wielding a +2 mace of protection.
Terence is nearby!
Terence is nearby!
Terence is nearby!
You throw a stone.
The stone hits Terence but does no damage.
Terence shouts!
You throw a stone.
The stone hits Terence but does no damage.
You throw a stone.
The stone hits Terence but does no damage.
Okay, then.
You throw a stone.
The stone hits Terence but does no damage.
You hit Terence but do no damage.
Terence hits you with a +2 mace of protection.
You barely miss Terence.
Terence hits you with a +2 mace of protection.
Terence hits you with a +2 mace of protection!
You hit Terence but do no damage.
Terence hits you with a +2 mace of protection.
It was a potion of attraction.
You feel attractive to monsters. Terence barely misses you.
You barely miss Terence. Terence barely misses you.
You hit Terence but do no damage.
Terence screams, "I'm going to kill you!"
Terence hits you with a +2 mace of protection.
You barely miss Terence.
Terence hits you with a +2 mace of protection.
* * * LOW HITPOINT WARNING * * *
You hit Terence but do no damage.
Terence hits you with a +2 mace of protection!
You die...

###### ##..(((
##.@.#### .##
#.@###..###..#
##.##......##.#
#......##.....#
#.....## #....##
#.....####.....#
#......##..)...#
#..##......##..#
#...###..###...#
#.#.
####...#.#####


You could see Terence.

Vanquished Creatures
  2 adders (D:2)
  A worm (D:2)
  A dart slug (D:1)
  A ball python (D:1)
  3 endoplasms (D:1)
  4 giant cockroaches
  4 goblins (D:1)
  A hobgoblin (D:1)
  3 bats (D:1)
  2 frilled lizards (D:1)
  4 kobolds
  A rat (D:1)
27 creatures vanquished.

Notes
Turn   | Place    | Note
-------+----------+-------------------------------------------
     0 | Abyss:1  | oldriver the Formicid Abyssal Knight began the quest for
                  | the Orb.
     0 | Abyss:1  | Reached XP level 1. HP: 18/18 MP: 2/2
     0 | Abyss:1  | Found a corrupted altar of Lugonu.
    43 | Abyss:1  | Noticed an apocalypse crab
    43 | Abyss:1  | Noticed a rakshasa
    45 | D:1      | Escaped the Abyss
   135 | D:1      | Reached * piety under Lugonu
   274 | D:1      | Reached XP level 2. HP: 24/24 MP: 3/3
   638 | D:1      | Reached XP level 3. HP: 17/30 MP: 4/4
  1107 | D:2      | Reached skill level 4 in Fighting
  1352 | D:2      | Reached XP level 4. HP: 33/37 MP: 5/5
  1401 | D:2      | Noticed Terence
  1413 | D:2      | Slain by Terence

Illustrated notes

Levels and vault maps discovered:
D:1:      co_arrival_square_in_a_square_in_a_square, layout_basic,
          minmay_misc_feat_square
D:2:      layout_loops_cross, basic_altar,
          hellmonk_ecumenical_altar_leap_of_faith, minmay_misc_feat_iff,
          nrook_mini_vaults, uniq_robin, uniq_natasha, uniq_terence

Skill      XL: |  1  2  3 |
---------------+----------+-----
Fighting       | 4 |  4.2
Axes           | 3 |  3.1
Armour         | |  2.2
Dodging        | |  0.9
Invocations    | |  2.2

Action                   |  1- 3 |  4- 6 || total
-------------------------+-------+-------++-------
Melee: Hand axe          |    72 |     7 ||    79
       Punch             |     2 |       ||     2
 Fire: Hunting sling     |    12 |       ||    12
Throw: Stone             |     5 |     4 ||     9
Invok: Depart the Abyss  |     1 |       ||     1
 Abil: Dig               |     1 |       ||     1
  Use: Potion            |       |     1 ||     1
Armor: Leather armour    |    24 |       ||    24
Dodge: Dodged            |    51 |     2 ||    53
